 Dungeon Crawl Stone Soup version 0.16.2-2-g470672f (webtiles) character file.

37 poirepourri the Insei (level 3, -1/23 HPs)
             Began as an Octopode Transmuter on Aug 29, 2015.
             Slain by a quokka (2 damage)
             ... on level 2 of the Dungeon.
             The game lasted 00:02:56 (1625 turns).

poirepourri the Insei (Octopode Transmuter)         Turns: 1625, Time: 00:02:56

Health: -1/23      AC:  1    Str: 10    XL:     3   Next: 39%
Magic:  2/6        EV: 12    Int: 15    God:
Gold:   57         SH:  0    Dex: 12    Spells: 2 memorised, 3 levels left

rFire  . . .     SeeInvis .     b - arrow
rCold  . . .     Clarity  .     (no shield)
rNeg   . . .     SustAb   .     c - +0 hat
rPois  .         Gourm    .     (no amulet)
rElec  .         Spirit   .     (no ring)
rCorr  .         Warding  .     (no ring)
rMut   .         Stasis   .     (no ring)
MR     .....                    (no ring)
Stlth  +++.......               (no ring)
                                (no ring)
                                (no ring)
                                (no ring)

@: appendage, not resistant to hostile enchantments, fairly stealthy
A: almost no armour, amphibious, 8 rings, constrict 8, tentacle spike 3,
camouflage 1, gelatinous body 1
a: End Transformation


You were on level 2 of the Dungeon.
You were not hungry.
One of your tentacles had a temporary spike.
You visited 1 branch of the dungeon, and saw 2 of its levels.

You collected 57 gold pieces.

Inventory:

Hand weapons
 a - a +0 shortbow
Missiles
 b - an arrow (in tentacle)
Armour
 c - a +0 hat (worn)
Scrolls
 e - 2 scrolls of identify
 f - a scroll of remove curse
Books
 d - a book of Changes

   Spells                             Type                      Level
   a - Beastly Appendage              Transmutation                1
   b - Sticks to Snakes               Transmutation                2
   c - Spider Form                    Transmutation/Poison         3
   d - Ice Form                       Ice/Transmutation            4
   e - Blade Hands                    Transmutation                5
Comestibles
 g - 2 fruits


   Skills:
 + Level 1.2 Fighting
 + Level 2.4 Dodging
 + Level 0.8 Stealth
 + Level 3.5 Unarmed Combat
 + Level 2.3 Spellcasting
 + Level 2.2 Transmutations


You had 3 spell levels left.
You knew the following spells:

 Your Spells              Type           Power        Failure   Level  Hunger
a - Beastly Appendage     Trmt           #.....       12%         1    #......
b - Sticks to Snakes      Trmt           #.........   14%         2    ###....


Dungeon Overview and Level Annotations

Branches:
Dungeon (2/15)

Altars:


Innate Abilities, Weirdness & Mutations

You cannot wear most types of armour.
You are amphibious.
You can wear up to eight rings at the same time.
You can use your tentacles to constrict many enemies at once.
Your skin changes colour to match your surroundings (Stealth).
Your rubbery body absorbs attacks (AC +1).
One of your tentacles bears a large vicious spike.


Message History

t - Shout!
Orders for allies: a - Attack new target. p - Attack previous target. r - Retreat! s - Stop attacking. w - Wait here. f - Follow me.
Anything else - Stay silent.
Retreat in which direction?
Press: ? - help, Dir - move target cursor, f - you, p - hobgoblin
Okay, then.
Read which item? (? for menu, Esc to quit)
Okay, then.
Your water moccasin bites the hobgoblin.
The hobgoblin dies!
The quokka bites you.
* * * LOW HITPOINT WARNING * * *
Your water moccasin bites the quokka.
Casting: Sticks to Snakes
Confirm with . or Enter, or press ? or * to list all spells.
One of your tentacles grows a vicious spike.
Your water moccasin bites the quokka.
The quokka bites you.
You die...

####### ## #.....## ..(.
#####......# .....
#..........# (.....
#........#.######......
#......>.......('.......
#........#.##.#.#
#.÷...#..#.##.#(#
#÷.<.....@rS....#
#....#...#......#
#....#...#..)...#
#....#...#....#.#
#....#......###.#
######..........#
#...##......
#...##...### #.........


You could see a quokka and a friendly water moccasin.

Vanquished Creatures
  2 adders (D:2)
  3 hobgoblins
  5 bats (D:1)
  A giant newt (D:1)
  5 goblins (D:1)
  A kobold (D:1)
  3 rats (D:1)
20 creatures vanquished.

Vanquished Creatures (collateral kills)
  A hobgoblin (D:2)
1 creature vanquished.

Vanquished Creatures (others)
  A goblin (D:2)
1 creature vanquished.

Grand Total: 22 creatures vanquished

Notes
Turn   | Place    | Note
--------------------------------------------------------------
     0 | D:1      | poirepourri, the Octopode Transmuter, began the quest for the Orb.
     0 | D:1      | Reached XP level 1. HP: 13/13 MP: 3/3
   442 | D:1      | Reached XP level 2. HP: 18/18 MP: 4/4
   587 | D:1      | Learned a level 2 spell: Sticks to Snakes
  1355 | D:2      | Reached XP level 3. HP: 16/23 MP: 6/6
  1623 | D:2      | HP: 1/23 [quokka (1)]
  1625 | D:2      | Slain by a quokka

Action                   || total
-------------------------++-------
Melee: Unarmed           ||    49
 Fire: Shortbow          ||     9
 Cast: Beastly Appendage ||     2
       Sticks to Snakes  ||     2
  Use: Scroll            ||     2
       Potion            ||     1
 Stab: Sleeping          ||     1
  Eat: Bread ration      ||     1
